General information
- name: BNet
- type: Ladder team game (AT/RT)
- host: Battle.net
- saver: BEAR_AND
map: Highperch
- players: 6
- length: 102:59
- speed: Fast
- version: 1.21 W3XP
- replay type:

» download(511 KB)
Players
team 1 (loser)

»
goEasyPLEASE (
orange | 53 APM | 5018 actions | 95:04)
5 Blademaster
2 Wind Walk
3 Critical Strike
1 Death Knight
1 Unholy Aura
» actions
| Assign group hotkey | 9 | |
| Basic commands | 191 | |
| Build / train | 83 | |
| Enter build submenu | 37 | |
| Enter hero's abilities submenu | 6 | |
| Give item / drop item | 7 | |
| Right click | 2729 | |
| Select / deselect | 662 | |
| Select group hotkey | 1129 | |
| Use ability | 164 | |
5018 total
» units
| Peon | 11 | |
| Grunt | 4 | |
| Demolisher | 16 | |
| Troll Batrider | 6 | |
| Troll Headhunter/Berserker | 8 | |
45 total
» upgrades
| Burning Oil | 1 | |
| Liquid Fire | 1 | |
| Ranged Weapons | 2 | |
| Berserker Upgrade | 1 | |
5 total
» buildings
| Altar of Storms | 1 | |
| Orc Burrow | 7 | |
| Barracks | 2 | |
| Voodoo Lounge | 2 | |
| Stronghold | 1 | |
| Fortress | 1 | |
| War Mill | 1 | |
| Spirit Lodge | 1 | |
| Tauren Totem | 1 | |
| Beastiary | 2 | |
| Watch Tower | 15 | |
| Great Hall | 1 | |
35 total
» build order
00:07 Altar of Storms
00:20 Orc Burrow
00:36 Barracks
01:17 Voodoo Lounge
02:05 Orc Burrow
04:00 Stronghold
06:31 Fortress
06:35 Orc Burrow
06:45 War Mill
07:37 Spirit Lodge
09:33 Tauren Totem
13:35 Barracks
13:57 Beastiary
15:33 Orc Burrow
16:36 Watch Tower
17:14 Watch Tower
17:17 Watch Tower
17:20 Watch Tower
17:31 Watch Tower
19:03 Beastiary
20:15 Orc Burrow
20:19 Orc Burrow
21:06 Great Hall
21:24 Watch Tower
21:27 Watch Tower
21:51 Orc Burrow
22:50 Watch Tower
29:08 Watch Tower
29:12 Watch Tower
29:14 Watch Tower
29:16 Watch Tower
29:22 Watch Tower
30:03 Watch Tower
30:08 Watch Tower
32:13 Voodoo Lounge
» items
| Lesser Clarity Potion | 8 | |
| Healing Salve | 6 | |
| Scroll of Speed | 2 | |
| Potion of Healing | 3 | |
| Tiny Great Hall | 1 | |
| Orb of Lightning | 2 | |
| Scroll of Town Portal | 1 | |
| Staff of Teleportation | 1 | |
24 total
Shoalin_SocceR (
purple | 57 APM | 5598 actions | 98:41)
6 Archmage
3 Blizzard
2 Brilliance Aura
1 Mass Teleport
» actions
| Assign group hotkey | 98 | |
| Basic commands | 211 | |
| Build / train | 102 | |
| ESC pressed | 6 | |
| Enter build submenu | 43 | |
| Enter hero's abilities submenu | 8 | |
| Give item / drop item | 1 | |
| Right click | 2722 | |
| Select / deselect | 1375 | |
| Select group hotkey | 766 | |
| Use ability | 262 | |
5598 total
» units
| Peasant | 15 | |
| Footman | 5 | |
| Rifleman | 5 | |
| Flying Machine | 9 | |
| Mortar Team | 14 | |
| Siege Engine | 5 | |
| Priest | 2 | |
| Dragonhawk Rider | 4 | |
59 total
» upgrades
| Gunpowder | 1 | |
| Lumber Harvesting | 2 | |
| Flare | 1 | |
| Barrage | 1 | |
| Fragmentation Shards | 1 | |
| Flying Machine Bombs | 1 | |
| Flak Cannons | 1 | |
| Masonry | 1 | |
| Cloud | 1 | |
10 total
» buildings
| Altar of Kings | 1 | |
| Farm | 13 | |
| Barracks | 1 | |
| Scout Tower | 9 | |
| Arcane Tower | 1 | |
| Arcane Vault | 3 | |
| Blacksmith | 1 | |
| Lumber Mill | 1 | |
| Keep | 1 | |
| Workshop | 5 | |
| Town Hall | 1 | |
| Guard Tower | 12 | |
| Castle | 1 | |
| Arcane Sanctum | 1 | |
| Gryphon Aviary | 1 | |
52 total
» build order
00:11 Altar of Kings
00:23 Farm
00:29 Farm
00:38 Barracks
01:31 Scout Tower
01:54 Farm
02:03 Arcane Tower
02:35 Farm
03:08 Arcane Vault
03:18 Arcane Vault
03:33 Blacksmith
04:16 Lumber Mill
04:36 Farm
04:38 Farm
04:51 Keep
07:16 Workshop
07:20 Workshop
08:07 Farm
08:37 Farm
08:38 Farm
08:44 Farm
12:40 Town Hall
14:19 Farm
14:20 Farm
15:27 Arcane Vault
15:31 Scout Tower
16:43 Guard Tower
16:50 Guard Tower
16:51 Guard Tower
17:47 Castle
19:56 Workshop
20:13 Scout Tower
20:16 Scout Tower
20:46 Workshop
20:58 Guard Tower
20:59 Guard Tower
21:03 Workshop
21:07 Farm
23:44 Scout Tower
24:23 Guard Tower
24:42 Guard Tower
24:45 Scout Tower
24:48 Scout Tower
25:36 Guard Tower
25:39 Scout Tower
28:25 Guard Tower
36:50 Arcane Sanctum
46:17 Gryphon Aviary
53:23 Scout Tower
53:55 Guard Tower
55:09 Guard Tower
55:41 Guard Tower
» items
| Scroll of Regeneration | 2 | |
| Ivory Tower | 7 | |
9 total
SteFOU (
teal | 24 APM | 2465 actions | 102:54)
4 Death Knight
2 Death Coil
2 Unholy Aura
» actions
| Assign group hotkey | 26 | |
| Basic commands | 59 | |
| Build / train | 49 | |
| Enter build submenu | 21 | |
| Enter hero's abilities submenu | 4 | |
| Give item / drop item | 5 | |
| Remove unit from queue | 1 | |
| Right click | 1120 | |
| Select / deselect | 639 | |
| Select group hotkey | 406 | |
| Use ability | 134 | |
2465 total
» units
| Acolyte | 5 | |
| Ghoul | 1 | |
| Crypt Fiend | 9 | |
| Razormane Medicine Man | 1 | |
| Meatwagon | 2 | |
| Obsidian Statue | 8 | |
| Gargoyle | 2 | |
| Frost Wyrm | 3 | |
31 total
» upgrades
| Web | 1 | |
| Disease Cloud | 1 | |
| Destroyer Form | 1 | |
| Creature Attack | 2 | |
| Creature Carapace | 1 | |
| Freezing Breath | 1 | |
7 total
» buildings
| Graveyard | 1 | |
| Crypt | 2 | |
| Ziggurat | 10 | |
| Altar of Darkness | 1 | |
| Halls of the Dead | 1 | |
| Tomb of Relics | 1 | |
| Slaughterhouse | 2 | |
| Black Citadel | 1 | |
| Sacrificial Pit | 1 | |
| Boneyard | 1 | |
21 total
» build order
00:06 Graveyard
00:09 Crypt
00:13 Crypt
00:41 Ziggurat
01:04 Altar of Darkness
01:27 Ziggurat
04:12 Halls of the Dead
05:15 Ziggurat
06:03 Tomb of Relics
06:38 Slaughterhouse
07:15 Slaughterhouse
07:25 Black Citadel
08:17 Ziggurat
08:18 Ziggurat
08:30 Ziggurat
14:26 Ziggurat
14:27 Ziggurat
22:45 Sacrificial Pit
23:37 Boneyard
28:58 Ziggurat
29:00 Ziggurat
» items
| Periapt of Vitality | 1 | |
| Scroll of Town Portal | 1 | |
| Staff of Teleportation | 1 | |
3 total
team 2 (winner)
BEAR_AND (
red | 55 APM | 5618 actions | 102:59)
7 Warden
3 Shadow Strike
2 Blink
2 Fan of Knives
» actions
| Assign group hotkey | 24 | |
| Build / train | 160 | |
| Enter build submenu | 18 | |
| Enter hero's abilities submenu | 8 | |
| Give item / drop item | 6 | |
| Remove unit from queue | 9 | |
| Right click | 3559 | |
| Select / deselect | 540 | |
| Select group hotkey | 896 | |
| Use ability | 397 | |
5618 total
» units
| Wisp | 47 | |
| Druid of the Talon | 57 | |
104 total
» upgrades
| Ultravision | 1 | |
| Strength of the Wild | 3 | |
| Reinforced Hides | 3 | |
| Nature's Blessing | 1 | |
| Well Spring | 1 | |
| Druid of the Talon Training | 2 | |
| Mark of the Talon | 1 | |
12 total
» buildings
| Altar of Elders | 1 | |
| Moon Well | 10 | |
| Tree of Ages | 1 | |
| Tree of Life | 3 | |
| Hunter's Hall | 1 | |
| Tree of Eternity | 1 | |
| Ancient of Wonders | 1 | |
| Ancient of Wind | 2 | |
20 total
» build order
00:30 Altar of Elders
00:34 Moon Well
01:28 Moon Well
04:47 Tree of Ages
04:54 Tree of Life
04:59 Tree of Life
05:08 Tree of Life
06:09 Hunter's Hall
08:12 Tree of Eternity
10:20 Ancient of Wonders
10:42 Moon Well
10:44 Moon Well
10:46 Moon Well
10:54 Moon Well
10:56 Moon Well
11:24 Ancient of Wind
28:22 Ancient of Wind
29:28 Moon Well
30:03 Moon Well
30:04 Moon Well
» items
| Dust of Appearance | 3 | |
| Boots of Speed | 1 | |
| Staff of Teleportation | 2 | |
| Lesser Clarity Potion | 2 | |
| Orb of Venom | 1 | |
| Healing Salve | 4 | |
| Tiny Great Hall | 1 | |
| Mechanical Critter | 4 | |
| Tome of Retraining | 1 | |
19 total
dirtmcwordup (
yellow | 35 APM | 3578 actions | 102:54)
7 Shadow Hunter
3 Serpent Ward
2 Hex
1 Big Bad Voodoo
1 Healing Wave
» actions
| Assign group hotkey | 19 | |
| Basic commands | 95 | |
| Build / train | 75 | |
| ESC pressed | 3 | |
| Enter build submenu | 61 | |
| Enter hero's abilities submenu | 7 | |
| Give item / drop item | 5 | |
| Right click | 1957 | |
| Select / deselect | 367 | |
| Select group hotkey | 684 | |
| Use ability | 305 | |
3578 total
» units
| Peon | 15 | |
| Troll Batrider | 17 | |
| Kodo Beast | 1 | |
| Spirit Walker | 1 | |
| Troll Witch Doctor | 1 | |
| Shaman | 2 | |
| Raider | 3 | |
40 total
» upgrades
| Spiked Barricades | 1 | |
| Liquid Fire | 1 | |
| War Drums Damage Increase | 1 | |
| Ranged Weapons | 1 | |
| Reinforced Defenses | 2 | |
| Ensnare | 1 | |
| Shaman Training | 2 | |
| Witch Doctor Training | 2 | |
| Spirit Walker Training | 2 | |
| Pillage | 1 | |
14 total
» buildings
| Altar of Storms | 1 | |
| Orc Burrow | 4 | |
| War Mill | 1 | |
| Watch Tower | 50 | |
| Stronghold | 1 | |
| Voodoo Lounge | 3 | |
| Beastiary | 1 | |
| Fortress | 1 | |
| Spirit Lodge | 1 | |
63 total
» build order
00:04 Altar of Storms
00:14 Orc Burrow
00:24 War Mill
02:00 Orc Burrow
02:04 Watch Tower
02:15 Watch Tower
03:16 Watch Tower
03:33 Watch Tower
04:06 Stronghold
04:33 Watch Tower
04:46 Watch Tower
04:55 Watch Tower
05:12 Watch Tower
05:13 Watch Tower
05:17 Watch Tower
05:41 Watch Tower
05:53 Watch Tower
05:54 Voodoo Lounge
06:01 Watch Tower
06:29 Watch Tower
06:47 Watch Tower
07:01 Watch Tower
07:18 Beastiary
07:50 Watch Tower
08:09 Voodoo Lounge
08:55 Watch Tower
09:18 Voodoo Lounge
09:52 Watch Tower
09:53 Watch Tower
09:54 Watch Tower
10:02 Watch Tower
10:10 Watch Tower
10:10 Watch Tower
10:11 Watch Tower
10:12 Watch Tower
11:02 Orc Burrow
11:16 Watch Tower
11:32 Fortress
12:34 Watch Tower
12:35 Watch Tower
12:36 Watch Tower
13:06 Orc Burrow
13:19 Watch Tower
13:20 Watch Tower
14:27 Watch Tower
14:27 Watch Tower
14:28 Watch Tower
15:25 Watch Tower
15:25 Watch Tower
16:46 Watch Tower
16:49 Watch Tower
17:45 Watch Tower
18:10 Watch Tower
18:11 Watch Tower
18:50 Watch Tower
18:51 Watch Tower
20:07 Watch Tower
20:40 Spirit Lodge
20:59 Watch Tower
34:38 Watch Tower
34:40 Watch Tower
35:47 Watch Tower
35:56 Watch Tower
» items
| Lesser Clarity Potion | 1 | |
| Healing Salve | 2 | |
| Potion of Invisibility | 2 | |
| Staff of Teleportation | 1 | |
| Boots of Speed | 1 | |
| Orb of Lightning | 2 | |
| Scroll of Town Portal | 1 | |
10 total
iggy_the_fisk (
green | 75 APM | 7756 actions | 102:54)
6 Blood Mage
3 Flame Strike
2 Siphon Mana
1 Summon Phoenix
5 Archmage
3 Blizzard
2 Brilliance Aura
» actions
| Assign group hotkey | 65 | |
| Basic commands | 37 | |
| Build / train | 157 | |
| Enter build submenu | 112 | |
| Enter hero's abilities submenu | 12 | |
| Give item / drop item | 9 | |
| Right click | 3826 | |
| Select / deselect | 855 | |
| Select group hotkey | 2321 | |
| Use ability | 360 | |
7756 total
» units
| Peasant | 21 | |
| Dragonhawk Rider | 24 | |
45 total
» upgrades
| Masonry | 3 | |
| Lumber Harvesting | 2 | |
| Magic Sentry | 1 | |
| Animal War Training | 1 | |
| Swords | 3 | |
| Armor | 3 | |
13 total
» buildings
| Altar of Kings | 1 | |
| Farm | 10 | |
| Lumber Mill | 1 | |
| Scout Tower | 99 | |
| Arcane Tower | 8 | |
| Guard Tower | 54 | |
| Arcane Vault | 2 | |
| Keep | 1 | |
| Town Hall | 1 | |
| Castle | 1 | |
| Arcane Sanctum | 1 | |
| Gryphon Aviary | 2 | |
| Blacksmith | 1 | |
| Barracks | 1 | |
183 total
» build order
00:06 Altar of Kings
00:18 Farm
00:34 Lumber Mill
00:54 Farm
01:30 Scout Tower
01:43 Scout Tower
01:57 Arcane Tower
01:58 Scout Tower
02:10 Arcane Tower
02:11 Scout Tower
02:26 Guard Tower
02:27 Scout Tower
02:30 Scout Tower
02:33 Scout Tower
02:46 Scout Tower
03:21 Guard Tower
03:23 Scout Tower
03:24 Scout Tower
03:36 Guard Tower
03:37 Scout Tower
03:54 Guard Tower
03:59 Scout Tower
04:06 Scout Tower
04:08 Guard Tower
04:08 Guard Tower
04:37 Guard Tower
04:39 Scout Tower
04:42 Arcane Vault
04:47 Guard Tower
04:49 Scout Tower
04:50 Scout Tower
05:08 Guard Tower
05:17 Scout Tower
05:19 Scout Tower
05:36 Keep
05:43 Arcane Tower
05:44 Arcane Tower
05:44 Arcane Tower
06:05 Scout Tower
06:07 Guard Tower
06:12 Scout Tower
06:16 Scout Tower
06:25 Scout Tower
06:26 Scout Tower
06:49 Guard Tower
06:57 Guard Tower
07:13 Guard Tower
07:19 Farm
07:20 Farm
07:23 Guard Tower
07:25 Scout Tower
07:41 Scout Tower
07:43 Scout Tower
07:44 Scout Tower
07:48 Arcane Vault
07:51 Scout Tower
07:52 Scout Tower
08:47 Town Hall
09:36 Castle
09:47 Scout Tower
09:48 Scout Tower
09:52 Scout Tower
09:54 Scout Tower
10:07 Guard Tower
10:23 Arcane Sanctum
10:29 Guard Tower
10:46 Guard Tower
10:49 Scout Tower
10:50 Scout Tower
10:54 Scout Tower
10:55 Scout Tower
11:15 Guard Tower
11:21 Scout Tower
11:25 Guard Tower
12:10 Scout Tower
12:10 Scout Tower
12:12 Guard Tower
13:09 Guard Tower
13:11 Scout Tower
13:11 Scout Tower
13:22 Gryphon Aviary
14:23 Guard Tower
15:34 Scout Tower
15:35 Scout Tower
15:39 Scout Tower
15:41 Guard Tower
15:44 Scout Tower
15:45 Scout Tower
16:34 Guard Tower
16:37 Scout Tower
17:15 Guard Tower
17:37 Scout Tower
18:48 Scout Tower
18:49 Scout Tower
20:11 Guard Tower
20:17 Scout Tower
20:18 Scout Tower
20:19 Scout Tower
20:23 Blacksmith
20:24 Barracks
20:47 Guard Tower
20:50 Scout Tower
20:54 Scout Tower
20:55 Scout Tower
20:55 Scout Tower
21:13 Guard Tower
21:22 Guard Tower
21:28 Guard Tower
21:39 Guard Tower
22:13 Guard Tower
22:22 Guard Tower
22:41 Scout Tower
22:46 Farm
23:08 Guard Tower
24:44 Farm
24:46 Farm
24:46 Farm
27:14 Gryphon Aviary
28:28 Scout Tower
28:29 Scout Tower
28:29 Scout Tower
28:39 Scout Tower
28:40 Scout Tower
28:42 Scout Tower
28:45 Scout Tower
28:47 Scout Tower
28:49 Scout Tower
28:50 Scout Tower
28:52 Scout Tower
28:55 Scout Tower
28:56 Scout Tower
28:57 Scout Tower
28:58 Scout Tower
29:00 Scout Tower
29:25 Farm
29:29 Farm
29:31 Guard Tower
29:35 Scout Tower
29:39 Scout Tower
29:40 Scout Tower
29:42 Guard Tower
29:47 Scout Tower
30:00 Scout Tower
30:02 Scout Tower
30:03 Scout Tower
30:05 Scout Tower
30:10 Guard Tower
30:45 Guard Tower
30:58 Guard Tower
30:59 Guard Tower
30:59 Guard Tower
31:19 Guard Tower
31:21 Guard Tower
31:23 Scout Tower
31:26 Scout Tower
31:33 Scout Tower
31:38 Scout Tower
31:47 Guard Tower
31:52 Scout Tower
31:53 Scout Tower
31:57 Scout Tower
32:00 Guard Tower
32:36 Guard Tower
32:55 Guard Tower
33:16 Guard Tower
33:25 Scout Tower
33:28 Scout Tower
33:29 Scout Tower
33:30 Scout Tower
33:32 Scout Tower
33:36 Scout Tower
33:38 Scout Tower
34:06 Guard Tower
34:50 Guard Tower
34:56 Guard Tower
35:33 Arcane Tower
35:37 Arcane Tower
35:48 Guard Tower
36:02 Scout Tower
36:34 Guard Tower
36:43 Guard Tower
66:07 Scout Tower
66:34 Arcane Tower
» items
| Staff of Sanctuary | 2 | |
| Lesser Clarity Potion | 5 | |
| Scroll of Regeneration | 7 | |
| Scroll of Town Portal | 1 | |
| Potion of Healing | 4 | |
| Orb of Fire | 1 | |
| Healing Salve | 1 | |
| Staff of Teleportation | 1 | |
22 total
Chat log
(00:19 / Allies) dirtmcwordup: 100g 100g cry cry whine btich
(00:30 / All) dirtmcwordup: hey fatsos leave
(00:32 / All) dirtmcwordup: i hate this map
(00:36 / All) dirtmcwordup: and dont wat to play
(00:42 / All) Shoalin_SocceR: sup ladies
(00:47 / All) dirtmcwordup: no stfu and leav
(00:49 / All) dirtmcwordup: i shit on u
(00:52 / All) BEAR_AND: wart is this map
(00:52 / All) Shoalin_SocceR: sup ladies
(00:55 / All) BEAR_AND: highperch(6)
(01:07 / All) Shoalin_SocceR: so why you like being ladies?
(01:10 / All) dirtmcwordup: |hey fat purple suck my dick eat my shit and leave
(01:16 / All) Shoalin_SocceR: i suggest u put on a dress
(01:16 / All) BEAR_AND: idk....born that way??
(01:18 / All) dirtmcwordup: because i have a vagina
(01:22 / All) dirtmcwordup: why you like beig fat
(01:25 / All) dirtmcwordup: cheeseburger???
(01:37 / All) Shoalin_SocceR: ur face is a chesseburger? seen
(01:48 / All) dirtmcwordup: from?
(02:06 / All) dirtmcwordup: hey fat boy
(02:07 / All) dirtmcwordup: from?
(02:21 / All) dirtmcwordup: too fat to know?
(02:34 / All) dirtmcwordup: lol fat boy
(02:35 / All) dirtmcwordup: quti.
(02:49 / All) dirtmcwordup: bet u suck more dick than me and im a girl.
(03:11 / All) dirtmcwordup: oj turn around so i pwn u
(04:18 / All) iggy_the_fisk: hmm yes crypt fiends bm harass
(04:24 / All) iggy_the_fisk: can someone build huntresses too please
(06:36 / All) BEAR_AND: kapow
(06:41 / Allies) dirtmcwordup: lum
(32:17 / All) BEAR_AND: SHIT
(36:04 / All) dirtmcwordup: u may quit.
(36:09 / All) BEAR_AND: hahahahhah. u lose.
(36:10 / All) goEasyPLEASE: na
(42:46 / Allies) dirtmcwordup: manny finally goes on his trek, enemy sees no shop: what the heck?
(43:16 / Allies) BEAR_AND: finally in the forest is bimaldo; finding trees is like "where's waldo"
(44:07 / Allies) iggy_the_fisk: researching cloud is for me not a habit, this game might take longer than ears on a rabbit
(44:25 / All) BEAR_AND: god damn bro, iggy the fisk, playing with you can be a risk
(45:41 / All) BEAR_AND: u found my tree, his name is daryl, now we sing u christmas carol "la la"
(46:09 / All) dirtmcwordup: hot town summer in the city......
(46:19 / All) BEAR_AND: pwning noobs cause their micro shitty
(46:34 / Allies) iggy_the_fisk: much like his big brother darryl your woodworking wisp might soon be in peril
(46:51 / Allies) BEAR_AND: behind the towers he is stuck, unfortunately he might be fuck
(47:53 / All) BEAR_AND: where u noobs from?
(48:11 / All) goEasyPLEASE: i suggest u leave and not waste time like a dumbass u r
(48:18 / All) BEAR_AND: sorry; you are noobs, that is a given, but in what town are you guys liven
(48:40 / All) dirtmcwordup: peh
(49:26 / All) iggy_the_fisk: "You cannot win, your strategy is dumb", but the orc on the kodo happily bangs his drum
(50:05 / All) BEAR_AND: was teh week before christmas, and up on a mountain, some pro bros were eating food by the fountain
(50:12 / Allies) dirtmcwordup: pro bros
(50:16 / Allies) dirtmcwordup: probabyl gayest shit
(50:18 / Allies) dirtmcwordup: i ever did read
(50:27 / Allies) dirtmcwordup: only thing gayer is a dick i feed
(51:11 / All) dirtmcwordup: lonely gargoyle slowly dying, you guys act like noob are you even trying?
(51:37 / All) BEAR_AND: first mortars and now gyros, wtf purple are u a pyro.
(51:43 / All) dirtmcwordup: come closer if u dare, into the towers and ensnare
(52:36 / Allies) dirtmcwordup: ancient of wind building like mad, "unable to create more units due to food limit" so sad
(53:20 / All) goEasyPLEASE: pwned
(54:05 / All) dirtmcwordup: a legion of bats flies at ye, can you micro faster than me?
(54:24 / All) SteFOU: nice
(54:53 / All) dirtmcwordup: the wyrms fall to the hawk, instead of movig them you would talk
(55:14 / All) iggy_the_fisk: we need new plans to siege the mountain so steep, why oh why were we mining in upkeep?
(55:28 / Allies) BEAR_AND: "now im in heaven" manny says w/ a laugh as he attends to god & sells him a staff
(56:50 / All) dirtmcwordup: we give you win for 5 dollars each, wouldnt you rather spend the day at the beach?
(57:11 / All) dirtmcwordup: alas you are fat noob, instead you stay on computer and never see a boob
(57:56 / All) BEAR_AND: $15 send kerr.tyler@gmail.com. if u don't thins game be long
(59:51 / All) dirtmcwordup: im going to play pikmin (little men made out of flowers), youll be in this game for a lot more hours!
(66:24 / All) BEAR_AND: hm>?????? yes, you are fat & slow
(68:16 / All) BEAR_AND: u die. lol
(68:22 / All) BEAR_AND: ur penis. small
(69:41 / All) Shoalin_SocceR: best run like fools
(69:48 / All) goEasyPLEASE: truly a tool
(70:11 / All) Shoalin_SocceR: NO THANKS
(70:17 / All) BEAR_AND: hmmm...
(72:47 / All) dirtmcwordup: did u guys win yet.
(72:58 / All) BEAR_AND: nope, a loss is what they get
(72:58 / All) dirtmcwordup: hyuh? nope???? back 2 pikmin
(75:08 / All) BEAR_AND: i kill your unit one at a time while embarrassing you with ownage rhyme
(75:31 / All) dirtmcwordup: suck my duck fuckers
(76:32 / All) BEAR_AND: lol....hahaha
(78:24 / All) BEAR_AND: selling items u poor scrub, your hero died what a flub
(90:57 / All) BEAR_AND: u hit......
(91:01 / All) BEAR_AND: bwahx
(91:15 / All) BEAR_AND: nope
(94:12 / All) dirtmcwordup: lmfao
(95:16 / All) BEAR_AND: big bad voodoo, u bantha poodoo